 Dungeon Crawl Stone Soup version 0.26-a0-846-gcc8f1ee719 (webtiles) character file.

Game seed: 1114529174296517944

165 leviel the Cudgeller (level 5, -2/33 HPs)
             Began as a Gargoyle Monk on Nov 19, 2020.
             Killed by divine providence
             ... invoked by an orc priest
              (12 damage)
             ... on level 3 of the Dungeon.
             The game lasted 00:04:32 (2583 turns).

leviel the Cudgeller (Gargoyle Monk)                Turns: 2583, Time: 00:04:33

Health: -2/33      AC: 13    Str: 13 (15) XL:     5   Next: 46%
Magic:  0/5        EV:  6    Int: 10 (11) God:
Gold:   131        SH:  0    Dex: 12      Spells: 4/4 levels left

rFire    . . .     SeeInvis .   h - +1 mace (venom)
rCold    . . .     Faith    .   (no shield)
rNeg     + . .     Spirit   .   c - +0 chain mail
rPois    ∞         Reflect  .   (helmet restricted)
rElec    +         Harm     .   (no cloak)
rCorr    .         Rampage  .   j - +0 pair of gloves
MR       .....                  (no boots)
Stlth    ..........             (no amulet)
HPRegen  0.11/turn              (no ring)
MPRegen  0.09/turn              (no ring)

@: no status effects
A: antennae 1, talons 1, negative energy resistance 1, electricity resistance,
unbreathing, petrification resistance, rot immunity, MP-powered wands, AC +4
a: no special abilities


You were on level 3 of the Dungeon.
You visited 1 branch of the dungeon, and saw 3 of its levels.

You collected 131 gold pieces.

Inventory:

Hand Weapons
 a - a +0 mace
 f - a +0 whip
 h - a +1 mace of venom (weapon)
Armour
 c - a +0 chain mail (worn)
 g - a +0 ring mail
 j - a +0 pair of gloves (worn)
Jewellery
 b - a +6 ring of intelligence {unknown}
Scrolls
 i - a scroll of identify {unknown}
Potions
 d - a potion of resistance {unknown}


   Skills:
 + Level 3.9 Fighting
 * Level 4.8 Maces & Flails
 * Level 1.4 Armour
 + Level 2.9 Dodging
 + Level 2.5 Stealth


You had 4 spell levels left.
You didn't know any spells.
Your spell library was empty.

Dungeon Overview and Level Annotations

Branches:
Dungeon (3/15)

Altars:
Gozag
Trog


Innate Abilities, Weirdness & Mutations

You are resistant to torment.
Your stone body is resilient. (AC +4)
You are immune to poison.
You resist negative energy. (rN+)
You are resistant to electric shocks. (rElec)
You can survive without breathing.
You are immune to petrification.
You are immune to rotting.
You have a pair of small antennae on your head.
You have sharp toenails.
You expend magic power (3 MP) to strengthen your wands.


Message History

The gnoll is moderately wounded.
The gnoll barely misses you. The gnoll closely misses you.
The eye of draining gazes at you.
An orc priest comes into view.
The orc priest shouts!
You hear a shout!
Found 12 gold pieces. 2 orcs come into view.
The orc shouts!
The eye of draining gazes at you.
You feel your power leaking away.
An orc comes into view. It is wielding a +0 flail.
The orc priest invokes the aid of Beogh against you.
Beogh smites you!
The orc shouts!
The orc priest begins to cast a cantrip, but forgets the words!
The orc cheers repeatedly.
The orc priest mumbles some strange prayers to Beogh against you.
Beogh smites you!
You die...

########## ###........
......... ....... [....
...## #..$# #### #@#.#
#...##
#.#..##.8...##....
#.##.........#....
#g##....G.._.#.... ###
#.# #........#....
....#+#.# #g#{8...##....
####..oo# #{##...###....
..oo....####.#####.#....
.o......G.)G.'..........


You could see an orc priest, a gnoll (poisoned) and an orc.

Vanquished Creatures
  7 adders
  An ooze (D:2)
  5 worms
  3 dart slugs (D:2)
  2 leopard geckos
  2 orcs (D:3)
  7 giant cockroaches
  6 goblins
  8 hobgoblins
  A quokka (D:2)
  2 ball pythons
  12 bats
  5 frilled lizards
  10 kobolds
  9 rats
80 creatures vanquished.

Notes
Turn   | Place    | Note
-------+----------+-------------------------------------------
     0 | D:1      | leviel the Gargoyle Monk began the quest for the Orb.
     0 | D:1      | Reached XP level 1. HP: 14/14 MP: 1/1
   360 | D:1      | Reached XP level 2. HP: 13/19 MP: 2/2
   747 | D:1      | Reached XP level 3. HP: 21/23 MP: 3/3
  1472 | D:2      | Reached XP level 4. HP: 26/28 MP: 4/4
  1480 | D:2      | Reached skill level 4 in Maces & Flails
  1585 | D:2      | Reached skill level 1 in Armour
  1725 | D:2      | Gained mutation: You have a pair of small antennae on your
                  | head. [potion of mutation]
  1725 | D:2      | Gained mutation: You expend magic power (3 MP) to
                  | strengthen your wands. [potion of mutation]
  1725 | D:2      | Gained mutation: You have sharp toenails. [potion of
                  | mutation]
  2060 | D:2      | Reached XP level 5. HP: 20/33 MP: 5/5
  2213 | D:2      | Found an opulent altar of Gozag.
  2553 | D:3      | Noticed an eye of draining
  2560 | D:3      | Found a bloodstained altar of Trog.
  2561 | D:3      | Noticed an eye of draining
  2583 | D:3      | Killed from afar by an orc priest

Illustrated notes

Levels and vault maps discovered:
D:1:      psy_arrival_statuary, layout_rooms, due_unseen_surprise
D:2:      minmay_recursive_quarters, layout_basic,
          nicolae_overflow_hidden_temple, lightli_corner_chamber
D:3:      layout_basic, trog_eyes_of_draining, overflow_temple_1_default,
          overflow_temple_1_default

Skill      XL: |  1  2  3  4 |
---------------+-------------+-----
Maces & Flails | 4 |  4.8
Armour         | 1 |  1.4
Fighting       | |  3.9
Dodging        | |  2.9
Stealth        | |  2.5

Action                   |  1- 3 |  4- 6 || total
-------------------------+-------+-------++-------
Melee: Mace              |    72 |   107 ||   179
       Whip              |    64 |       ||    64
       Kick              |       |    13 ||    13
  Use: Potion            |       |     3 ||     3
Armor: Robe              |    41 |       ||    41
       Ring mail         |    25 |    46 ||    71
       Chain mail        |       |    29 ||    29
Dodge: Dodged            |   132 |    72 ||   204

Table legend: (Time is in decaauts)
 A = Elapsed time spent in this place.
 B = Non-inter-level travel time spent in this place.
 C = Inter-level travel time spent in this place.
 D = Time resting spent in this place.
 E = Time spent auto-exploring this place.
 F = Levels seen in this place.
 G = Mean time per level.
                   A        B        C        D        E       F      G
               +--------+--------+--------+--------+--------+-----+--------+
         Total |   2614 |   2555 |     59 |    673 |   1325 |   3 |  871.3 |
       Dungeon |   2614 |   2555 |     59 |    673 |   1325 |   3 |  871.3 |
               +--------+--------+--------+--------+--------+-----+--------+

Top non-repeatable levels by time:
     D:2: 1330 daAuts
     D:1: 1068 daAuts
     D:3: 215 daAuts
